 Seeded DCSS version 0.29.1-15-g9cfb28693d (webtiles) character file.

Game seed: 8848703615492432762 (custom seed)

396 Psyclone the Thaumaturge (level 6, 11/41 HPs)
             Began as a Deep Elf Conjurer on Sept 24, 2023.
             Quit the game on level 3 of the Dungeon.
             The game lasted 00:09:24 (2421 turns).

Psyclone the Thaumaturge (Deep Elf Conjurer)        Turns: 2421, Time: 00:09:24

Health: 11/41      AC:  2    Str:  4    XL:     6   Next: 52%
Magic:  2/19       EV: 12    Int: 25    God:
Gold:   130        SH:  0    Dex: 13    Spells: 7/22 levels left

rFire   . . .      SeeInvis .   f - +0 dagger
rCold   . . .      Faith    .   (no shield)
rNeg    . . .      Spirit   .   a - +0 robe
rPois   .          Reflect  .   (no helmet)
rElec   .          Harm     .   (no cloak)
rCorr   .          Rampage  .   (no gloves)
Will    .....                   (no boots)
Stlth   ++........              (no amulet)
HPRegen 0.13/turn               (no ring)
MPRegen 0.16/turn               (no ring)

@: no status effects
A: no striking features
a: no special abilities


You were on level 3 of the Dungeon.
You visited 1 branch of the dungeon, and saw 3 of its levels.

You collected 130 gold pieces.

Inventory:

Hand Weapons
 f - a +0 dagger (weapon)
Armour
 a - a +0 robe (worn)
Scrolls
 c - 2 scrolls of teleportation {unknown}
 e - a scroll of noise {unknown}
 h - a scroll of summoning {unknown}
 j - a scroll of enchant armour {unknown}
 k - a scroll of silence {unknown}
 n - a scroll of enchant weapon {unknown}
Potions
 b - a potion of magic
 d - a potion of berserk rage {unknown}
 g - 3 potions of curing {unknown}
 i - 2 potions of brilliance {unknown}
 l - a potion of might {unknown}
 m - a potion of heal wounds {unknown}


   Skills:
 - Level 5.7 Fighting
 - Level 2.4 Dodging
 - Level 2.4 Stealth
 - Level 8.5 Spellcasting
 - Level 8.0 Conjurations
 + Level 7.7 Fire Magic


You had 7 spell levels left.
You knew the following spells:

 Your Spells              Type           Power      Damage    Failure   Level
a - Magic Dart            Conj           100%       1d8       1%          1
b - Scorch                Fire           98%        2d9       1%          2
c - Sticky Flame          Conj/Fire      50%        2d7       2%          4
d - Fulminant Prism       Conj/Hex       15%        3d11      11%         4
f - Flame Wave            Conj/Fire      50%        2d12      2%          4

Your spell library contained the following spells:

 Spells                   Type           Power      Damage    Failure   Level
 Searing Ray              Conj           100%       2d8       1%          2
 Static Discharge         Conj/Air       30%        3-7/arc   1%          2
 Dazzling Flash           Conj/Hex       60%        N/A       3%          3
 Inner Flame              Hex/Fire       29%        N/A       3%          3
 Blink                    Tloc           20%        N/A       9%          2
 Sublimation of Blood     Necr           10%        N/A       9%          2
 Iskenderun's Mystic Bla  Conj/Tloc      30%        2d8       11%         4
 Lesser Beckoning         Tloc           10%        N/A       17%         3
 Anguish                  Hex/Necr       5%         N/A       50%         4
 Animate Dead             Necr           10%        N/A       50%         4
 Cause Fear               Hex            5%         N/A       50%         4
 Dispel Undead            Necr           10%        3d9       50%         4
 Manifold Assault         Tloc           10%        N/A       85%         5
 Summon Cactus Giant      Summ           5%         N/A       100%        6
 Borgnjor's Revivificati  Necr           5%         N/A       100%        8
 Discord                  Hex            5%         N/A       100%        8


Dungeon Overview and Level Annotations

Branches:
Dungeon (3/15) Zot: 15578

Altars:


Message History

You hit the hobgoblin.
You kill the hobgoblin!
Items here: ) [ ††.
An orc wizard comes into view. It is wielding a +0 dagger.
You regained 3 hp, and now have 15/41 hp.
You regained 3 mp, and now have 10/19 mp.
An orc wizard is nearby!
An orc wizard is nearby!
Casting: Flame Wave (dangerous; 2% risk of failure)
Confirm with . or Enter, or press ? or * to list all spells.
Casting: Flame Wave (dangerous; 2% risk of failure)
Press: ? - help, Dir - look around, f - activate A wave of flame ripples out!
The flame wave engulfs the orc wizard!
You kill the orc wizard! (Press . to intensify the flame waves.)
You hear a shout! x2
You now have 7/19 mp.
A wave of flame ripples out!
An orc comes into view. It is wielding a +0 falchion.
You now have 6/19 mp.
An orc comes into view. It is wielding a +0 flail.
The orc shouts!
Things that are here:
a +0 dagger; a +0 robe The orc barely misses you.
The orc hits you with a +0 falchion.
* * * LOW HITPOINT WARNING * * *
You take 4 damage, and have 11/41 hp.
Casting: Flame Wave (dangerous; 2% risk of failure)
Confirm with . or Enter, or press ? or * to list all spells.
Casting: Flame Wave (dangerous; 2% risk of failure)
Press: ? - help, Dir - look around, f - activate A wave of flame ripples out!
The flame wave engulfs the orc!
You kill the orc! (Press . to intensify the flame waves.)
You now have 3/19 mp.
A wave of flame ripples out!
The flame wave engulfs the orc!
You kill the orc!
You now have 2/19 mp.
Are you sure you want to abandon this character and quit the game? (Confirm with "yes".)

#.# #... .........# #.#
#... .........# #)# #...
.........# #.# #...
.........# #.# #...
.........# #.### #.##
.........+ #...######.##
.........####...........
......)@.)..............
.......).####..######...
.........# #..# #......
.........# #..###.#####
.........# #......#
.........# #.##########
.........####)).........
..........o.).##########
.......†..........


There were no monsters in sight!

Vanquished Creatures
  A black bear (D:3)
  Natasha (twice) (D:2)
  An orc wizard (D:3)
  3 adders (D:2)
  4 worms
  A dart slug (D:1)
  8 orcs (D:3)
  8 ball pythons
  6 endoplasms
  A giant cockroach (D:1)
  7 goblins
  6 hobgoblins
  4 jackals
  8 kobolds
  A quokka (D:1)
  6 bats
  2 frilled lizards (D:1)
  7 rats
76 creatures vanquished.

Notes
Turn   | Place    | Note
-------+----------+-------------------------------------------
     0 | D:1      | Psyclone the Deep Elf Conjurer began the quest for the Orb.
     0 | D:1      | Reached XP level 1. HP: 10/10 MP: 6/6
   233 | D:1      | Reached XP level 2. HP: 11/15 MP: 2/8
   657 | D:1      | Reached XP level 3. HP: 19/19 MP: 10/15
   658 | D:1      | Reached skill level 5 in Fighting
   658 | D:1      | Reached XP level 4. HP: 32/32 MP: 10/16
   662 | D:1      | Learned a level 2 spell: Scorch
   667 | D:1      | Learned a level 4 spell: Sticky Flame
   672 | D:1      | Learned a level 4 spell: Flame Wave
   677 | D:1      | Learned a level 4 spell: Fulminant Prism
   884 | D:2      | Reached XP level 5. HP: 26/36 MP: 13/18
  1124 | D:2      | Noticed Natasha
  1129 | D:2      | Killed Natasha
  1357 | D:2      | Noticed Natasha
  1365 | D:2      | Killed Natasha
  1778 | D:2      | Got the Catalogue of Evil and the Blaze
  2321 | D:3      | Noticed a black bear
  2327 | D:3      | Killed a black bear
  2328 | D:3      | Reached XP level 6. HP: 32/41 MP: 8/19
  2421 | D:3      | Quit the game

Illustrated notes

Levels and vault maps discovered:
D:1:      minmay_arrival_widening_spiral_wide, layout_basic
D:2:      layout_loops_ring, kennysheep_nondescript, uniq_natasha
D:3:      layout_basic, hangedman_decor_lopped, kennysheep_generic_room_9

Skill      XL: |  1  2  3  4  5 |
---------------+----------------+-----
Spellcasting   | 8 |  8.5
Conjurations   | 8 |  8.0
Fire Magic     | 4 6 7 |  7.7
Fighting       | 5 |  5.7
Dodging        | |  2.4
Stealth        | |  2.4

Action                   |  1- 3 |  4- 6 || total
-------------------------+-------+-------++-------
Melee: Dagger            |       |    39 ||    39
 Cast: Magic Dart        |    37 |    18 ||    55
       Flame Wave        |       |    17 ||    17
       Sticky Flame      |       |     2 ||     2
  Use: Potion            |     2 |       ||     2
 Stab: Sleeping          |       |     2 ||     2
Armor: Robe              |     1 |     4 ||     5
Dodge: Dodged            |     1 |    50 ||    51
